 Dungeon Crawl Stone Soup version 0.31-a0-343-g456c268693 (webtiles) character file.

Game seed: 3836722596708878614

32 Essalna the Gusty (level 3, -1/20 HPs)
             Began as a Tengu Air Elementalist on July 21, 2023.
             Slain by an orc
             ... wielding a +0 dagger
              (2 damage)
             ... on level 3 of the Dungeon.
             The game lasted 00:02:49 (1375 turns).

Essalna the Gusty (Tengu Air Elementalist)          Turns: 1375, Time: 00:02:49

Health: -1/20      AC:  2    Str: 14    XL:     3   Next: 27%
Magic:  3/7        EV: 12    Int: 17    God:
Gold:   91         SH:  0    Dex: 14    Spells: 3/6 levels left

rFire   . . .        (no weapon)
rCold   + . .        (no shield)
rNeg    . . .        a - +0 robe
rPois   .            (helmet restricted)
rElec   .            (no cloak)
rCorr   .            (no gloves)
SInv    .            (boots unavailable)
Will    .....        (no amulet)
Stlth   ++           o - ring of protection from cold
HPRegen 0.23/turn    n - +6 ring of strength
MPRegen 0.10/turn

%: no passive effects
@: very slightly contaminated
A: beak, talons 3
a: no special abilities


You were on level 3 of the Dungeon.
You visited 1 branch of the dungeon, and saw 3 of its levels.

You collected 91 gold pieces.

Inventory:

Armour
 a - a +0 robe (worn)
Jewellery
 c - a ring of positive energy
 n - a +6 ring of strength (right hand)
 o - a ring of protection from cold (left hand)
Scrolls
 e - a scroll of fear {unknown}
 f - a scroll of teleportation {unknown}
 h - a scroll of immolation {unknown}
 i - a scroll of poison {unknown}
 k - a scroll of revelation {unknown}
 l - 3 scrolls of fog {unknown}
Potions
 d - 2 potions of haste {unknown}
 g - a potion of invisibility {unknown}
 j - 2 potions of curing {unknown}
 m - a potion of enlightenment {unknown}


   Skills:
 + Level 1.4 Fighting
 - Level 2.1 Dodging
 - Level 2.0 Stealth
 - Level 2.0 Spellcasting
 + Level 2.5 Conjurations
 + Level 4.6 Air Magic


You had 3 spell levels left.
You knew the following spells:

 Your Spells              Type           Power      Damage    Failure   Level
a - Shock                 Conj/Air       52%        1d6       4%          1
b - Static Discharge      Conj/Air       26%        2-4/arc   7%          2

Your spell library contained the following spells:

 Spells                   Type           Power      Damage    Failure   Level
 Swiftness                Air            17%        N/A       9%          3
 Lesser Beckoning         Tloc           2%         N/A       28%         2
 Dazzling Flash           Conj/Hex       12%        N/A       34%         3
 Gell's Gravitas          Tloc           1%         N/A       50%         3
 Inner Flame              Hex/Fire       1%         N/A       50%         3
 Teleport Other           Tloc           1%         N/A       50%         3
 Airstrike                Air            8%         2d(2-18)  28%         4
 Silence                  Hex/Air        4%         N/A       91%         5
 Agony                    Necr           1%         N/A       99%         5
 Yara's Violent Unravell  Hex/Tmut       0%         3d3       99%         5
 Enfeeble                 Hex            0%         N/A       100%        7


Dungeon Overview and Level Annotations

Branches:
Dungeon (3/15)

Altars:
Ashenzari


Innate Abilities, Weirdness & Mutations

You have a beak for a mouth.
You have claws for feet.


Message History

Casting: Shock (safe; 4% risk of failure)
Confirm with . or Enter, or press ? or * to list all spells.
Aiming: Shock (safe; 4% risk of failure)
Press: ? - help, Shift-Dir - straight line, f/p - hound
Aim: a hound (moderately wounded, 56% to hit)
You miscast Shock.
You are very lightly contaminated with residual magic.
Nothing appears to happen.
The hound misses you.
Casting: Shock (safe; 4% risk of failure)
Confirm with . or Enter, or press ? or * to list all spells.
Aiming: Shock (safe; 4% risk of failure)
Press: ? - help, Shift-Dir - straight line, f/p - hound
Aim: a hound (moderately wounded, 56% to hit)
The zap misses the hound.
The zap hits the orc but does no damage.
The hound closely misses you. The hound barely misses you.
Casting: Shock (safe; 4% risk of failure)
Confirm with . or Enter, or press ? or * to list all spells.
You don't have enough magic to cast this spell.
Unknown command.
You closely miss the hound.
The hound is moderately wounded.
The hound misses you.
You aren't carrying any items that you can evoke.
Magic courses through your body. The hound bites you.
The hound barely misses you.
Casting: Shock (safe; 4% risk of failure)
Confirm with . or Enter, or press ? or * to list all spells.
You miscast Static Discharge.
Nothing appears to happen.
The hound bites you. The orc barely misses you.
Casting: Static Discharge (safe; 7% risk of failure)
Confirm with . or Enter, or press ? or * to list all spells.
The orc is struck by an arc of lightning.
The orc is heavily wounded.
You are struck by an arc of lightning.
* * * LOW HITPOINT WARNING * * *
The lightning grounds out.
The hound bites you.
* * * LOW HITPOINT WARNING * * *
The hound closely misses you. The orc hits you with a +0 dagger.
You die...

#.######.# ..# #.#
#.# #.# #.# #.# #.#
#.# #.## . #.# #.#
#... .. #.# #.#
####
.##.###.######.# #
......o.......>####
#
.?....h@..........#
#
..#####.#########.#
# #.# #.###### #.#
#....... ..#
######## ### # # #
#


You could see a hound and an orc.

Vanquished Creatures
  2 dart slugs (D:1)
  3 endoplasms
  A giant cockroach (D:2)
  5 goblins
  2 hobgoblins
  A quokka (D:1)
  3 ball pythons (D:1)
  A bat (D:1)
  2 frilled lizards
  A kobold (D:1)
  6 rats
27 creatures vanquished.

Notes
Turn   | Place    | Note
-------+----------+-------------------------------------------
     0 | D:1      | Essalna the Tengu Air Elementalist began the quest for the
                  | Orb.
     0 | D:1      | Reached XP level 1. HP: 10/10 MP: 4/4
   216 | D:1      | Reached XP level 2. HP: 16/16 MP: 4/6
   323 | D:1      | Noticed a great orb of eyes
   325 | D:1      | Found a faded altar of an unknown god.
   329 | D:1      | Reached skill level 1 in Fighting
   406 | D:1      | Noticed a great orb of eyes
   413 | D:1      | Noticed an eye of devastation
   423 | D:1      | Noticed an eye of devastation
   717 | D:2      | Reached XP level 3. HP: 17/20 MP: 2/7
   877 | D:2      | Learned a level 2 spell: Static Discharge
  1023 | D:2      | Found a broken altar of Ashenzari.
  1375 | D:3      | HP: 1/20 [hound (5)]
  1375 | D:3      | Slain by an orc

Illustrated notes

Levels and vault maps discovered:
D:1:      lightli_iron_boxes, layout_rooms,
          hellmonk_ecumenical_altar_watching_god
D:2:      layout_basic, basic_altar
D:3:      layout_loops_ring, tso_oasis_becter, zin_academy,
          chequers_temple_overflow_statue_of_worship, minmay_liquid_box,
          uniq_grinder

Skill      XL: |  1  2 |
---------------+-------+-----
Conjurations   | 2 |  2.5
Fighting       | 1 |  1.4
Dodging        | |  2.1
Stealth        | |  2.0
Spellcasting   | |  2.0
Air Magic      | |  4.6

Action                     || total
---------------------------++-------
  Melee: Unarmed           ||    10
         Kick              ||     1
         Peck              ||     1
   Cast: Shock             ||    60
         Static Discharge  ||     1
    Use: Potion            ||     1
 Armour: Robe              ||     4
  Dodge: Dodged            ||    17

Table legend: (Time is in decaauts)
 A = Elapsed time spent in this place.
 B = Non-inter-level travel time spent in this place.
 C = Inter-level travel time spent in this place.
 D = Time resting spent in this place.
 E = Time spent auto-exploring this place.
 F = Levels seen in this place.
 G = Mean time per level.
                   A        B        C        D        E       F      G
               +--------+--------+--------+--------+--------+-----+--------+
         Total |   1372 |   1328 |     44 |      0 |   1155 |   3 |  457.3 |
       Dungeon |   1372 |   1328 |     44 |      0 |   1155 |   3 |  457.3 |
               +--------+--------+--------+--------+--------+-----+--------+

Top non-repeatable levels by time:
     D:1: 640 daAuts
     D:2: 572 daAuts
     D:3: 159 daAuts
